 Dungeon Crawl Stone Soup version 0.22.0-13-g43fe8f2 (webtiles) character file.

46 HallandMoats the Skirmisher (level 3, 0/30 HPs)
             Began as a Mummy Fighter on Aug 16, 2018.
             Slain by a crimson imp
             ... wielding a +0 dagger of chaos
              (13 damage)
             ... on level 3 of the Dungeon.
             The game lasted 00:03:16 (1611 turns).

HallandMoats the Skirmisher (Mummy Fighter)         Turns: 1611, Time: 00:03:17

Health: 0/30       AC:  8    Str: 20    XL:     3   Next: 44%
Magic:  3/3        EV:  9    Int:  7    God:
Gold:   82         SH:  0    Dex: 11    Spells: 2/2 levels left

rFire    x . .     SeeInvis .   a - +0 long sword
rCold    + . .     Gourm    .   (no shield)
rNeg     + + +     Faith    .   b - +0 scale mail
rPois    ∞         Spirit   .   e - +0 helmet
rElec    .         Reflect  .   (no cloak)
rCorr    .         Harm     .   j - +0 pair of gloves
MR       .....                  (no boots)
Stlth    ..........             (no amulet)
HPRegen  0.10/turn              (no ring)
MPRegen  0.08/turn              (no ring)

@: very slightly contaminated, slowed, invisible, very slow
A: no food or potions, fire vulnerability, cold resistance 1, negative energy
resistance 3, torment resistance, unbreathing
a: no special abilities


You were on level 3 of the Dungeon.
You were not hungry.

You visited 1 branch of the dungeon, and saw 3 of its levels.

You collected 82 gold pieces.

Inventory:

Hand Weapons
 a - a +0 long sword (weapon)
Armour
 b - a +0 scale mail (worn)
 c - a +0 shield
 e - a +0 helmet (worn)
 j - a +0 pair of gloves (worn)
Jewellery
 h - an uncursed ring of see invisible {unknown}
Scrolls
 d - 2 scrolls of identify {unknown}
 f - 2 scrolls of teleportation {unknown}
 g - a scroll of magic mapping {unknown}
 i - a scroll of noise {unknown}


   Skills:
 * Level 4.1 Fighting
 + Level 2.2 Long Blades
 - Level 2.4 Armour
 - Level 2.4 Shields


You had 2 spell levels left.
You didn't know any spells.
Your spell library was empty.

Dungeon Overview and Level Annotations

Branches:
Dungeon (3/15)

Altars:
Elyvilon
Xom


Innate Abilities, Weirdness & Mutations

You do not eat or drink.
Your flesh is vulnerable to fire.
You are immune to poison.
Your flesh is cold resistant. (rC+)
You are immune to negative energy. (rN+++)
You are immune to unholy pain and torment.
You can survive without breathing.


Message History

The crimson imp is moderately wounded.
The crimson imp hits you but does no damage. x2
You fade into invisibility!
You are very lightly contaminated with residual magic.
The crimson imp hits you.
You hit the crimson imp but do no damage.
The crimson imp is lightly wounded.
The crimson imp barely misses you.
You riposte.
You closely miss the crimson imp.
The crimson imp is lightly wounded.
The crimson imp hits you.
You catch the helpless crimson imp completely off-guard!
You hit the crimson imp but do no damage.
The crimson imp is lightly wounded.
The crimson imp hits you with a dagger of chaos.
You feel yourself slow down. The crimson imp closely misses you.
You closely miss the crimson imp.
The crimson imp hits you but does no damage.
You are electrocuted!
You die...

#.+._.'.# #.#...#.#
#.#§#§#.## #.#
#.#..# #.######.#
####.#.#!##.#
............#
#.<.#.#.##.#######.#
#..#...###....5@5..#
#.....###...########
##.###....... #.#
#.##...##
#.........## ....
.##### ### ###


You could see 2 crimson imps.

Vanquished Creatures
  A worm (D:2)
  A dart slug (D:3)
  8 bats
  2 giant cockroaches
  4 goblins
  4 hobgoblins
  7 jackals (D:1)
  A ball python (D:2)
  3 frilled lizards
  5 kobolds
  3 rats (D:2)
39 creatures vanquished.

Notes
Turn   | Place    | Note
-------+----------+-------------------------------------------
     0 | D:1      | HallandMoats the Mummy Fighter began the quest for the Orb.
     0 | D:1      | Reached XP level 1. HP: 18/18 MP: 1/1
   193 | D:1      | Reached XP level 2. HP: 24/24 MP: 2/2
  1088 | D:2      | Reached XP level 3. HP: 29/30 MP: 3/3
  1300 | D:2      | Reached skill level 4 in Fighting
  1372 | D:2      | Found a white marble altar of Elyvilon.
  1574 | D:3      | Found a shimmering altar of Xom.
  1611 | D:3      | Slain by a crimson imp

Skill      XL: |  1  2  3 |
---------------+----------+-----
Long Blades    | 2 |  2.2
Fighting       | 4 |  4.1
Armour         | |  2.4
Shields        | |  2.4

Action                   || total
-------------------------++-------
Melee: Long sword        ||   128
 Stab: Invisible         ||     1
Armor: Scale mail        ||    80
Dodge: Dodged            ||    78
       Rpst.: Long sword ||    23
